AoeStats
← [ITCF]TANK

Lombardia

509916508Analyzed
3v3 RM · 3d ago on Sep 28, 2026· 47m 21s· 6 players
Game mode
Random Map
Map size
Normal (6 player)
Population
200
Speed
Normal
Resources
Standard
Victory
Conquest
Starting age
Dark Age
Ending age
Imperial Age
RankedLock teamsTeams togetherTeam positionsShared explorationLock speedFull tech treeHidden civsTurbo modeCheats
Victory
Defeat
🇹🇼 Mongols · Taiwan
1323
+12
🇹🇼 Varangians · Taiwan
1305
+13
🇹🇼 Spanish · Taiwan
1267
+14
🇩🇪 Khmer · Germany
1255
-14
🇩🇪 Britons · Germany
1239
-13
🇩🇪 Ethiopians · Germany
1216
-12
tvonau95
9:11 Feudal Age
13:25 Fletching
13:38 Loom
22:15 Double-Bit Axe
26:24 Castle Age
26:43 Crossbowman
27:19 Bodkin Arrow
42:05 Imperial Age
41:23 Ballistics
42:59 Bracer
44:31 Arbalester
le_bruno1907
6:23 Loom
10:07 Feudal Age
15:09 Double-Bit Axe
22:43 Castle Age
22:10 Fletching
22:21 Padded Archer Armor
23:17 Crossbowman
27:37 Bodkin Arrow
29:02 Thumb Ring
29:18 Bow Saw
Amano
9:00 Feudal Age
9:42 Double-Bit Axe
21:22 Castle Age
19:59 Horse Collar
21:21 Scale Barding Armor
21:27 Forging
21:23 Gold Mining
21:57 Bloodlines
24:28 Bow Saw
24:08 Light Cavalry
24:52 Husbandry
29:11 Chain Barding Armor
41:00 Iron Casting
41:04 Heavy Plow
46:00 Imperial Age
43:15 Loom
44:06 Wheelbarrow
43:17 Town Watch
46:20 Cavalier
[ITCF]Hentai
6:06 Loom
8:19 Feudal Age
8:54 Double-Bit Axe
12:23 Forging
13:40 Scale Barding Armor
16:20 Bloodlines
17:44 Town Watch
24:00 Castle Age
22:56 Gold Mining
24:54 Husbandry
25:25 Bow Saw
25:45 Chain Barding Armor
32:14 Horse Collar
35:34 Wheelbarrow
37:34 Heavy Plow
38:38 Fortified Wall
38:38 Masonry
39:08 Ballistics
39:42 Hand Cart
42:01 Imperial Age
39:38 Town Patrol
40:46 Iron Casting
41:50 Murder Holes
42:05 Light Cavalry
43:48 Blast Furnace
42:39 Fletching
42:49 Padded Archer Armor
43:37 Gold Shaft Mining
42:53 Stone Mining
43:20 Caravan
43:50 Coinage
45:40 Banking
46:09 Conscription
46:22 Bodkin Arrow
46:42 Leather Archer Armor
47:05 Hoardings
47:14 Bracer
[ITCF]yuli
6:50 Loom
9:16 Feudal Age
12:05 Bloodlines
17:27 Scale Barding Armor
17:32 Forging
17:54 Double-Bit Axe
24:43 Castle Age
25:58 Chain Barding Armor
25:04 Light Cavalry
25:45 Husbandry
28:16 Iron Casting
31:42 Bow Saw
35:43 Wheelbarrow
35:11 Gold Mining
38:35 Imperial Age
36:02 Stone Mining
36:36 Horse Collar
37:26 Hand Cart
36:58 Town Watch
36:40 Vendel Legacy
38:04 Stone Shaft Mining
37:47 Treadmill Crane
38:18 Masonry
38:22 Heavy Plow
39:19 Caravan
39:43 Cavalier
40:55 Conscription
42:07 Plate Barding Armor
42:33 Blast Furnace
40:55 Gothikon
45:05 Fortified Wall
45:02 Siege Engineers
47:07 Hussar
[ITCF]TANK
11:10 Feudal Age
12:15 Loom
14:52 Castle Age
12:56 Double-Bit Axe
14:46 Horse Collar
16:51 Bow Saw
24:14 Padded Archer Armor
24:30 Town Watch
26:11 Leather Archer Armor
25:59 Husbandry
27:04 Bloodlines
27:44 Wheelbarrow
37:09 Imperial Age
35:16 Wheelbarrow
34:48 Heavy Plow
34:45 Gold Mining
35:27 Stone Mining
36:51 Caravan
37:25 Fletching
37:07 Pikeman
37:47 Squires
37:32 Arson
38:08 Bodkin Arrow
38:44 Ring Archer Armor
39:10 Stone Shaft Mining
39:36 Two-Man Saw
39:07 Hand Cart
40:11 Chemistry
39:31 Ballistics
39:13 Bracer
39:14 Scale Mail Armor
39:25 Forging
38:40 Elite Skirmisher
39:23 Halberdier
41:31 Chain Mail Armor
41:52 Iron Casting
41:32 Thumb Ring
41:57 Conscription
44:56 Plate Mail Armor
45:27 Blast Furnace
45:27 Town Patrol
Connection lost

Rejoining the realm…

Still unreachable

The connection could not be restored.

Session expired

The server has moved on; the page needs a fresh start.